 Dungeon Crawl Stone Soup version 0.29.0-4-gdea44cf6ec (webtiles) character file.

Game seed: 9326997798409535355

97 qw the Ruffian (level 4, -2/36 HPs)
             Began as a Ghoul Enchanter on Sept 4, 2022.
             Slain by a gnoll
             ... wielding a +0 whip
              (5 damage)
             ... on level 3 of the Dungeon.
             The game lasted 00:01:19 (2869 turns).

qw the Ruffian (Ghoul Enchanter)                    Turns: 2869, Time: 00:01:19

Health: -2/36      AC:  5    Str: 13    XL:     4   Next: 68%
Magic:  5/5        EV: 10    Int: 10    God:
Gold:   135        SH:  0    Dex:  9    Spells: 6/6 levels left

rFire   . . .      SeeInvis .     - Unarmed
rCold   + . .      Faith    .   (no shield)
rNeg    + + +      Spirit   .   b - +0 ring mail
rPois   inf        Reflect  .   (no helmet)
rElec   .          Harm     .   (no cloak)
rCorr   .          Rampage  .   (no gloves)
Will    .....                   (no boots)
Stlth   +.........              (no amulet)
HPRegen 0.00/turn               (no ring)
MPRegen 0.09/turn               (no ring)

@: about to teleport, inhibited regen
A: claws 1, cold resistance 1, negative energy resistance 3, inhibited
regeneration, torment resistance 2, devour on kill
a: no special abilities


You were on level 3 of the Dungeon.
You visited 1 branch of the dungeon, and saw 3 of its levels.

You collected 135 gold pieces.


Innate Abilities, Weirdness & Mutations

You are immune to poison.
You have sharp fingernails.
Your flesh is cold resistant. (rC+)
You are immune to negative energy. (rN+++)
You do not regenerate when monsters are visible.
You are immune to unholy pain and torment.
You thrive by killing the living.


   Skills:
 + Level 1.9 Fighting
 - Level 0.8 Short Blades
 - Level 1.7 Dodging
 - Level 3.2 Stealth
 - Level 4.0 Unarmed Combat
 - Level 1.7 Spellcasting
 - Level 2.4 Hexes


You had 6 spell levels left.
You didn't know any spells.
Your spell library contained the following spells:

 Spells                   Type           Power      Damage    Failure   Level
 Ensorcelled Hibernation  Hex/Ice        6%         N/A       54%         2
 Confusing Touch          Hex            5%         N/A       61%         3
 Tukima's Dance           Hex            5%         N/A       61%         3
 Dazzling Flash           Conj/Hex       6%         N/A       78%         3

Inventory:

Armour
 a - a +0 robe of resistance
 b - a +0 ring mail (worn)
Scrolls
 c - a scroll of fear {unknown}
 d - 2 scrolls of teleportation
 e - a scroll of identify
Potions
 g - a potion of mutation

Dungeon Overview and Level Annotations

Branches:
Dungeon (3/15)

Altars:


Message History

The giant cockroach bites you.
You feel your intelligence returning.
You barely miss the giant cockroach.
The giant cockroach bites you but does no damage.
You scratch the gnoll.
You kill the gnoll!
You feel better. The giant cockroach bites you.
You scratch the gnoll but do no damage. The gnoll hits you but does no damage.
The giant cockroach bites you but does no damage.
You scratch the gnoll.
The gnoll is heavily wounded.
The giant cockroach bites you but does no damage.
The gnoll hits you with a +0 whip.
You scratch the gnoll.
The gnoll is severely wounded.
The giant cockroach bites you but does no damage.
The gnoll hits you with a +0 whip.
You barely miss the gnoll.
The gnoll is severely wounded.
The giant cockroach barely misses you. The gnoll hits you but does no damage.
The giant cockroach barely misses you.
You barely miss the gnoll.
The gnoll is severely wounded.
The gnoll barely misses you. The giant cockroach closely misses you.
You closely miss the gnoll.
The gnoll is severely wounded.
The gnoll hits you with a +0 whip. The giant cockroach barely misses you.
You barely miss the gnoll.
The gnoll is severely wounded.
The giant cockroach barely misses you. The gnoll hits you but does no damage.
You scratch the gnoll but do no damage.
The gnoll is severely wounded.
The giant cockroach barely misses you. The gnoll hits you with a +0 whip!
2869 ||| READING 3 scrolls of teleportation.
As you read the scroll of teleportation, it crumbles to dust.
You feel strangely unstable. The giant cockroach barely misses you.
The gnoll hits you with a +0 whip.
You die...

.# .# #.. ..
.##.##. ..... ###
#...# #..
#...####.#####..
#..............#
#####...####..#
#..@g....|....#
........B.........#
.##.#<...).)....#.#
..##
#####.........# ...
#...#####..... #.#
#...# ####.# #.#
#..># # ####
#.#########.##
...## #........##.#


You could see a gnoll and a giant cockroach.

Vanquished Creatures
  2 gnolls (D:3)
  4 adders
  A dart slug (D:2)
  5 endoplasms
  2 giant cockroaches
  4 hobgoblins
  A quokka (D:1)
  3 ball pythons
  3 bats
  5 frilled lizards
  5 goblins
  4 kobolds
  6 rats
45 creatures vanquished.

Vanquished Creatures (others)
  A plant (D:1)
1 creature vanquished.

Grand Total: 46 creatures vanquished

Notes
Turn   | Place    | Note
-------+----------+-------------------------------------------
     0 | D:1      | qw the Ghoul Enchanter began the quest for the Orb.
     0 | D:1      | Reached XP level 1. HP: 14/14 MP: 2/2
     0 | D:1      | 0 ||| qw: Version: 0.1-a-103-gd6f5d3a
     0 | D:1      | 0 ||| qw: Game counter: 5639
     0 | D:1      | 0 ||| qw: Always use a shield: true
     0 | D:1      | 0 ||| qw: God list: Okawaru
     0 | D:1      | 0 ||| qw: Allow faded altars: false
     0 | D:1      | 0 ||| qw: Do Orc after D:15 true
     0 | D:1      | 0 ||| qw: Do second Lair branch before Depths: true
     0 | D:1      | 0 ||| qw: Lair rune preference: random
     0 | D:1      | 0 ||| qw: Plans: Normal
     0 | D:1      | 0 ||| PLANNING D:1-11
     1 | D:1      | 1 ||| DROPPING +1 dagger.
   190 | D:1      | Reached skill level 1 in Unarmed Combat
   713 | D:1      | Reached skill level 1 in Fighting
   713 | D:1      | Reached XP level 2. HP: 23/23 MP: 3/3
   898 | D:1      | 898 ||| Stepping ~*~*~tactically~*~*~ (stealth).
   900 | D:1      | 900 ||| Stepping ~*~*~tactically~*~*~ (stealth).
   905 | D:1      | 905 ||| Stepping ~*~*~tactically~*~*~ (outnumbered).
   906 | D:1      | 906 ||| Stepping ~*~*~tactically~*~*~ (outnumbered).
   907 | D:1      | 907 ||| Stepping ~*~*~tactically~*~*~ (outnumbered).
   908 | D:1      | 908 ||| Stepping ~*~*~tactically~*~*~ (outnumbered).
  1423 | D:1      | Reached skill level 2 in Unarmed Combat
  1550 | D:1      | 1550 ||| UPGRADING to +0 robe of resistance.
  1560 | D:1      | 1560 ||| DROPPING +0 robe.
  1561 | D:1      | 1561 ||| READING scroll labelled OCRALURORA.
  1562 | D:1      | 1562 ||| READING scroll labelled KISCHE FOUBILY.
  1563 | D:1      | 1563 ||| READING scroll labelled MOMOOS OSCHEVAU.
  1564 | D:1      | 1564 ||| DROPPING 2 potions of invisibility.
  1716 | D:2      | Reached XP level 3. HP: 14/28 MP: 4/4
  1756 | D:2      | 1756 ||| FLEEEEING.
  1758 | D:2      | 1758 ||| FLEEEEING.
  1768 | D:2      | 1768 ||| STAIRDANCE
  1861 | D:1      | 1861 ||| READING scroll labelled HUXKUDY JAMUSE.
  1862 | D:1      | 1862 ||| READING scroll labelled IXA NIAPOA.
  1915 | D:2      | 1915 ||| Stepping ~*~*~tactically~*~*~ (stealth).
  1963 | D:2      | Reached skill level 3 in Unarmed Combat
  2337 | D:2      | 2337 ||| Stepping ~*~*~tactically~*~*~ (stealth).
  2396 | D:2      | Reached XP level 4. HP: 34/35 MP: 5/5
  2659 | D:2      | 2659 ||| UPGRADING to +0 ring mail.
  2669 | D:2      | 2669 ||| DROPPING amulet of magic regeneration.
  2670 | D:2      | 2670 ||| READING 4 scrolls labelled XUCUVU QUNK.
  2673 | D:2      | 2673 ||| READING scroll labelled HAARON CIFE.
  2674 | D:2      | 2674 ||| READING scroll labelled COLEMICE TUHAO.
  2675 | D:2      | 2675 ||| DRINKING 2 smoky brown potions.
  2676 | D:2      | 2676 ||| READING 2 scrolls of identify.
  2676 | D:2      | 2676 ||| IDENTIFYING ruby potion
  2677 | D:2      | 2677 ||| DROPPING potion of ambrosia.
  2808 | D:3      | Reached skill level 4 in Unarmed Combat
  2838 | D:3      | 2838 ||| Stepping ~*~*~tactically~*~*~ (stealth).
  2843 | D:3      | 2843 ||| Stepping ~*~*~tactically~*~*~ (stealth).
  2845 | D:3      | 2845 ||| Stepping ~*~*~tactically~*~*~ (outnumbered).
  2846 | D:3      | 2846 ||| Stepping ~*~*~tactically~*~*~ (outnumbered).
  2847 | D:3      | 2847 ||| Stepping ~*~*~tactically~*~*~ (outnumbered).
  2848 | D:3      | 2848 ||| Stepping ~*~*~tactically~*~*~ (outnumbered).
  2850 | D:3      | 2850 ||| Stepping ~*~*~tactically~*~*~ (outnumbered).
  2851 | D:3      | 2851 ||| Stepping ~*~*~tactically~*~*~ (outnumbered).
  2852 | D:3      | 2852 ||| Stepping ~*~*~tactically~*~*~ (outnumbered).
  2853 | D:3      | 2853 ||| Stepping ~*~*~tactically~*~*~ (outnumbered).
  2854 | D:3      | 2854 ||| Stepping ~*~*~tactically~*~*~ (outnumbered).
  2855 | D:3      | 2855 ||| Stepping ~*~*~tactically~*~*~ (outnumbered).
  2868 | D:3      | HP: 3/36 [gnoll/+0 whip (8)]
  2869 | D:3      | 2869 ||| READING 3 scrolls of teleportation.
  2869 | D:3      | Slain by a gnoll

Levels and vault maps discovered:
D:1:      psy_arrival_conway, layout_loops_ring, serial_forest,
          infiniplex_forest_lined_room_2, infiniplex_forest_end_3,
          infiniplex_forest_clump_small, infiniplex_forest_diagonal,
          infiniplex_forest_straight_2, infiniplex_forest_lined_room_2,
          infiniplex_forest_lined_corner, infiniplex_forest_end_3
D:2:      minmay_general_purpose_star, layout_basic, corexii_corridor_pit,
          amcnicky_mini_rare_corridor_liquid
D:3:      layout_loops_cross, nicolae_gozag_seed_capital,
          shapermc_ecumenical_altar_hornbeckon

Skill      XL: |  1  2  3  4 |
---------------+-------------+-----
Unarmed Combat | 1 2 3 4 |  4.0
Fighting       | 1 |  1.9
Short Blades   | |  0.8
Dodging        | |  1.7
Stealth        | |  3.2
Spellcasting   | |  1.7
Hexes          | |  2.4

Action                   |  1- 3 |  4- 6 || total
-------------------------+-------+-------++-------
Melee: Unarmed           |   134 |    50 ||   184
       Punch             |     2 |       ||     2
  Use: Scroll            |     5 |     5 ||    10
       Potion            |       |     1 ||     1
 Stab: Sleeping          |     1 |       ||     1
Armor: Robe              |    16 |       ||    16
       Ring mail         |       |    20 ||    20
Dodge: Dodged            |    64 |    31 ||    95

Table legend:
 A = Non-vault XP
 B = Vault XP
 C = Vault XP percentage of total XP
 D = Non-vault monster count
 E = Vault monster count
 F = Vault count percentage of total count
                 A         B        C        D         E       F
            +---------+---------+-------+---------+---------+-------
      Total |     138 |       1 |   0.7 |      44 |       1 |   2.2
            +---------+---------+-------+---------+---------+-------
        D:1 |      24 |       0 |   0.0 |      16 |       0 |   0.0
        D:2 |      66 |       1 |   1.5 |      20 |       1 |   4.8
        D:3 |      48 |       0 |   0.0 |       8 |       0 |   0.0
            +---------+---------+-------+---------+---------+-------
